 Dungeon Crawl Stone Soup version 0.17-a0-1195-g0639cb0 (webtiles) character file.

54923 joebohoe the Severer (level 14, -11/133 HPs)
             Began as a Minotaur Fighter on June 2, 2015.
             Was the Champion of Okawaru.
             Mangled by Norris
             ... wielding a cursed +3 short sword
              (20 damage)
             ... on level 14 of the Dungeon.
             The game lasted 01:22:21 (13000 turns).

joebohoe the Severer (Minotaur Fighter)            Turns: 13000, Time: 01:22:22

Health: -11/133    AC: 15    Str: 28      XL:     14   Next: 36%
Magic:  0/13       EV: 19    Int:  4 (5)  God:    Okawaru [******]
Gold:   732        SH:  0    Dex: 13      Spells: 0 memorised, 13 levels left

rFire  . . .     SeeInvis .     S - +3 executioner's axe (freeze)
rCold  . . .     Clarity  .     b - +0 scale mail
rNeg   . . .     SustAt   .     (no shield)
rPois  .         Gourm    .     (helmet restricted)
rElec  +         Spirit   +     E - +2 cloak {+Inv}
rCorr  .         Warding  .     T - +0 pair of gloves
rMut   .         Stasis   .     o - +0 pair of boots
MR     +....                    P - amulet of guardian spirit
Stlth  ..........               u - +3 ring of strength
                                Y - +3 ring of evasion

@: about to teleport, studying Armour, somewhat resistant to hostile
enchantments, extremely unstealthy
A: retaliatory headbutt, horns 2, electricity resistance, strong 1, subdued
magic 1
a: Heroism, Finesse, Renounce Religion, Evoke Invisibility


You were on level 14 of the Dungeon.
You worshipped Okawaru.
Okawaru was exalted by your worship.
You were hungry.

You visited 2 branches of the dungeon, and saw 15 of its levels.
You also visited: Bailey.

You collected 732 gold pieces.

Inventory:

Hand weapons
 H - a +5 battleaxe of freezing
 J - the +4 rapier of Asorriu {drain, +Rage}
   (You found it on level 6 of the Dungeon)

   A truly terrible weapon, it drains the life of those it strikes.
   It lets you go berserk.
 L - a +2 battleaxe of electrocution
 S - a +3 executioner's axe of freezing (weapon)
Armour
 b - a +0 scale mail (worn)
 c - a +0 shield of protection
 o - a +0 pair of boots (worn)
 E - a +2 cloak of invisibility (worn)
 T - a +0 pair of gloves (worn)
Magical staves
 e - an uncursed staff of wizardry {unknown}
Jewellery
 h - an uncursed ring of see invisible
 u - a +3 ring of strength (right hand)
 C - an uncursed ring of sustain attributes
 P - an amulet of guardian spirit (around neck)
 Y - a +3 ring of evasion (left hand)
Magical devices
 x - a wand of slowing (18)
 A - a wand of cold (8)
 G - a wand of slowing (21)
 M - a wand of lightning (6)
 Q - a wand of magic darts (31)
 U - a wand of draining (7)
 X - a wand of lightning (7)
Scrolls
 f - 6 scrolls of identify
 g - 8 scrolls of remove curse
 i - 2 scrolls of immolation
 j - 2 scrolls of enchant armour
 k - 2 scrolls of magic mapping
 m - 3 scrolls of amnesia
 n - a scroll of brand weapon {unknown}
 q - 3 scrolls of teleportation
 y - a scroll of fear
 D - 3 scrolls of enchant weapon
 N - 4 scrolls of vulnerability {unknown}
 R - a scroll of recharging
Potions
 a - 6 potions of lignification
 d - a potion of might
 l - a potion of magic
 p - a potion of mutation
 v - 3 potions of degeneration {unknown}
 F - a potion of haste
 I - 5 potions of brilliance
 K - a potion of flight {unknown}
 V - 4 potions of agility {unknown}
Books
 s - a manual of
Armour
 Z - a book of Control

   Spells                             Type                      Level
   a - Control Teleport               Charms/Translocation         4
   b - Control Undead                 Necromancy                   4
   c - Metabolic Englaciation         Hexes/Ice                    5
   d - Mass Confusion                 Hexes                        6
Comestibles
 r - 4 beef jerkies
 w - 11 fruits
 z - 3 bread rations
 B - 11 royal jellies
 O - 2 meat rations
 W - 2 slices of pizza


   Skills:
 * Level 14.6 Fighting
 * Level 15.2 Axes
 + Level 12.0 Armour
 + Level 10.1 Dodging
 - Level 3.7 Shields
 + Level 10.5 Unarmed Combat


You had 13 spell levels left.
You didn't know any spells.

Dungeon Overview and Level Annotations

Branches:
Dungeon (14/15)            Temple (1/1) D:6            Lair (0/8) D:11
    Orc (0/4) D:11
 Vaults: D:13-14

Altars:
Ashenzari
Cheibriados
Dithmenos
Elyvilon
Fedhas
Gozag
Kikubaaqudgha
Makhleb
Nemelex Xobeh
Okawaru
Qazlal
Ru
Sif Muna
Trog
Vehumet
Xom
Yredelemnul
Zin
The Shining One

Shops:
D:14 *

Annotations:
D:14 Norris, Rupert


Innate Abilities, Weirdness & Mutations

You reflexively headbutt those who attack you in melee.
You have a pair of horns on your head.
You are resistant to electric shocks.
Your muscles are strong. (Str +2)
Your spells are a little easier to cast, but a little less powerful.


Message History

Drink which item? (? for menu, Esc to quit)
You can't drink that!
Read which item? (? for menu, Esc to quit)
Read which item? (? for menu, Esc to quit)
As you read the scroll labeled RAHU DECOPI, it crumbles to dust.
You feel strangely unstable.
It was a scroll of teleportation.
The boulder beetle curls into a ball and starts rolling!
The boulder beetle smashes into the orc knight!
The boulder beetle stops rolling.
You hear something mumble some strange prayers to a god against you.
Something tries to feed on your intellect!
Read which item? (? for menu, Esc to quit)
As you read the scroll labeled BOZAMI POSOPEO, it crumbles to dust.
It is a scroll of enchant weapon.
Enchant which weapon? (? for menu, Esc to quit)
Your +2 executioner's axe of freezing glows red for a moment.
The cyan ugly thing basks in the mutagenic energy from its kin and changes!
Rupert roars madly and goes into a rage!
Rupert goes berserk!
Something hits you!!
You die...

. .. ########### ...#.
......%(.#### # #
..psp###.##.......# .#
..BoT#≈≈.≈≈.......####.#
..pp@u≈#'#≈.............
..pppu{@∩'.............#
.?.ppp≈#'#≈........### #
....p#≈≈.≈≈......>.# ###
#... #.............###.#
##. #..†..###.###.))...
# #.....# #.# #.)##..
#...........# #..###.
#####.###........# #.
#.# #.#####......


You could see Rupert (berserk), a boulder beetle, an orc knight, 2 ugly things,
a trapdoor spider, a troll and 10 humans.

Vanquished Creatures
  A storm dragon (D:13)
  Azrael (D:14)
  Erolcha (D:11)
  2 centaur warriors
  A tengu warrior (D:10)
  Urug (D:14)
  The ghost of WhatIsLove the Sneak, an experienced DsAs of Makhleb (D:10)
  The ghost of aves the Cleaver, an experienced VSBe of Trog (Bailey)
  An orc knight (Bailey)
  4 hill giants
  A wizard (D:13)
  A griffon (D:13)
  6 ugly things
  2 cyclopes (D:13)
  A gargoyle (D:12)
  A kobold demonologist (D:13)
  9 trolls
  Prince Ribbit (D:5)
  8 slime creatures
  2 two-headed ogres (D:11)
  2 ravens (D:10)
  3 shadows
  2 vampire mosquitoes (D:14)
  2 wyverns
  4 hippogriffs
  15 yaks
  4 hungry ghosts
  3 humans (D:14)
  2 wraiths
  2 fire elementals (D:14)
  2 wolves (D:11)
  A mottled dragon (D:13)
  18 orc warriors
  A swamp drake (D:11)
  6 hell hounds (D:14)
  8 sky beasts
  2 black bears (D:6)
  5 phantoms
  An ice beast (D:5)
  3 necrophages
  2 wasps
  7 centaurs
  5 ogres
  2 big kobolds
  7 giant frogs
  A gnoll sergeant (D:11)
  A water moccasin zombie (D:5)
  6 killer bees (D:10)
  2 scorpions
  A wyvern skeleton (D:13)
  2 electric eels (D:11)
  A wight (D:7)
  2 orc priests
  6 centaur skeletons
  6 crimson imps
  2 giant frog zombies
  5 centaur zombies
  5 jellies
  6 orc wizards
  Crazy Yiuf (D:4)
  A gnoll shaman (D:5)
  13 hounds
  2 giant frog skeletons
  2 sheep (D:13)
  14 worker ants
  3 iguanas
  A hound zombie (D:5)
  17 gnolls
  A worker ant zombie (D:10)
  16 adders
  An ufetubus (D:13)
  5 oozes (D:9)
  3 worms
  8 giant geckos
  40 orcs
  4 ball pythons
  17 bats
  A bat skeleton (D:8)
  13 goblins
  19 hobgoblins
  12 jackals
  21 kobolds
  7 quokkas
  9 giant cockroaches
  A giant gecko skeleton (D:6)
  2 giant gecko zombies
  2 giant newts
  A jackal zombie (D:5)
  16 rats
454 creatures vanquished.

Vanquished Creatures (others)
  A tengu conjurer (D:10)
  2 humans (D:14)
  2 orcs (D:7)
5 creatures vanquished.

Grand Total: 459 creatures vanquished

Notes
Turn   | Place    | Note
--------------------------------------------------------------
     0 | D:1      | joebohoe the Minotaur Fighter began the quest for the Orb.
     0 | D:1      | Reached XP level 1. HP: 19/19 MP: 0/0
   146 | D:1      | Reached XP level 2. HP: 25/27 MP: 1/1
   239 | D:1      | Reached skill level 4 in Fighting
   807 | D:2      | Reached XP level 3. HP: 26/33 MP: 2/2
   811 | D:2      | Reached skill level 1 in Dodging
   835 | D:2      | Reached skill level 1 in Unarmed Combat
   893 | D:2      | Reached XP level 4. HP: 23/40 MP: 3/3
  2013 | D:3      | Found a deep blue altar of Sif Muna.
  2028 | D:3      | Reached XP level 5. HP: 42/47 MP: 4/4
  2277 | D:4      | Noticed a phantom
  2307 | D:4      | Killed a phantom
  2307 | D:4      | Reached skill level 5 in Fighting
  2307 | D:4      | Reached XP level 6. HP: 37/56 MP: 5/5
  2341 | D:4      | Noticed an ogre
  2346 | D:4      | Killed an ogre
  2356 | D:4      | Found a white marble altar of Elyvilon.
  2369 | D:4      | Found a sacrificial altar of Ru.
  2370 | D:4      | Found an opulent altar of Gozag.
  2530 | D:4      | Reached skill level 5 in Axes
  2544 | D:4      | Noticed an ogre
  2555 | D:4      | Killed an ogre
  2879 | D:4      | Noticed a phantom
  2891 | D:4      | Killed a phantom
  2891 | D:4      | Reached XP level 7. HP: 57/62 MP: 6/6
  2919 | D:4      | Noticed Crazy Yiuf
  2926 | D:4      | Reached skill level 6 in Fighting
  2932 | D:4      | Killed Crazy Yiuf
  3212 | D:5      | Entered Level 5 of the Dungeon
  3753 | D:5      | Reached skill level 5 in Armour
  3757 | D:5      | Noticed Prince Ribbit
  3769 | D:5      | Killed Prince Ribbit
  3769 | D:5      | Reached skill level 7 in Fighting
  3769 | D:5      | Reached XP level 8. HP: 34/73 MP: 7/7
  4579 | D:6      | Reached skill level 8 in Fighting
  4635 | D:6      | Found a staircase to the Ecumenical Temple.
  4653 | Temple   | Entered the Ecumenical Temple
  4679 | Temple   | Became a worshipper of Warmaster Okawaru
  5211 | D:6      | Got a translucent rapier
  5212 | D:6      | Identified the +4 rapier of Asorriu {drain, +Rage} (You found it on level 6 of the Dungeon)
  5602 | D:6      | Reached XP level 9. HP: 82/82 MP: 8/8
  5728 | D:7      | Found a shadowy altar of Dithmenos.
  5732 | D:7      | Reached skill level 5 in Unarmed Combat
  5819 | D:7      | Noticed a centaur warrior
  5835 | D:7      | Killed a centaur warrior
  5835 | D:7      | Acquired Okawaru's first power
  5835 | D:7      | Reached skill level 9 in Fighting
  5835 | D:7      | Reached skill level 5 in Dodging
  6037 | D:7      | Found a snail-covered altar of Cheibriados.
  6112 | D:8      | Found a basalt altar of Yredelemnul.
  6252 | D:8      | Gained mutation: Your spells are a little easier to cast, but a little less powerful. [potion of mutation]
  6252 | D:8      | Gained mutation: Your muscles are strong. (Str +2) [potion of mutation]
  6252 | D:8      | Gained mutation: You are resistant to electric shocks. [potion of mutation]
  6454 | D:9      | Reached XP level 10. HP: 90/92 MP: 9/9
  6643 | D:9      | Reached skill level 10 in Fighting
  7136 | D:10     | Entered Level 10 of the Dungeon
  7197 | D:10     | Reached skill level 10 in Axes
  7244 | D:10     | Noticed WhatIsLove's ghost (experienced DsAs)
  7245 | D:10     | Noticed a hill giant
  7262 | D:10     | Killed WhatIsLove's ghost
  7269 | D:10     | Killed a hill giant
  7702 | D:10     | Noticed a tengu warrior
  7703 | D:10     | Reached skill level 11 in Fighting
  7710 | D:10     | Killed a tengu warrior
  7713 | D:10     | Reached XP level 11. HP: 35/102 MP: 3/10
  7762 | D:10     | Found a snail-covered altar of Cheibriados.
  8589 | D:11     | Found a staircase to the Orcish Mines.
  8634 | D:11     | Noticed Erolcha
  8642 | D:11     | Acquired Okawaru's second power
  8645 | D:11     | Killed Erolcha
  8909 | D:11     | Noticed a hill giant
  8917 | D:11     | Killed a hill giant
  8917 | D:11     | Received a gift from Okawaru
  8959 | D:11     | Reached skill level 12 in Fighting
  9254 | D:11     | Found a staircase to the Lair.
  9621 | D:11     | Found a stormy altar of Qazlal.
  9791 | D:11     | Noticed a hill giant
  9798 | D:11     | Killed a hill giant
 10756 | D:12     | Reached XP level 12. HP: 113/113 MP: 11/11
 11168 | D:13     | Reached skill level 13 in Fighting
 11296 | D:13     | Received a gift from Okawaru
 11296 | D:13     | Reached skill level 10 in Armour
 11458 | D:13     | Noticed a storm dragon
 11489 | D:13     | Killed a storm dragon
 11737 | D:14     | Noticed Azrael
 11746 | D:14     | Killed Azrael
 11746 | D:14     | Reached skill level 14 in Fighting
 11747 | D:14     | Reached XP level 13. HP: 46/124 MP: 2/12
 11792 | D:14     | Noticed Urug
 11827 | D:14     | Noticed a centaur warrior
 12145 | D:14     | Killed Urug
 12146 | D:14     | Killed a centaur warrior
 12155 | D:14     | Found a flagged portal.
 12164 | Bailey   | Entered a bailey
 12208 | Bailey   | Noticed aves's ghost (experienced VSBe)
 12213 | Bailey   | Killed aves's ghost
 12895 | D:14     | Reached skill level 15 in Axes
 12895 | D:14     | Reached skill level 10 in Dodging
 12895 | D:14     | Reached skill level 10 in Unarmed Combat
 12895 | D:14     | Reached XP level 14. HP: 130/133 MP: 13/13
 12919 | D:14     | Received a gift from Okawaru
 12940 | D:14     | Found Lierphin's Assorted Antiques.
 12951 | D:14     | Found a sparkling altar of Nemelex Xobeh.
 12974 | D:14     | Noticed Norris
 12982 | D:14     | Noticed Rupert
 12987 | D:14     | Paralysed by something for 7 turns
 12996 | D:14     | HP: 1/133 [something (18)]
 13000 | D:14     | Mangled by Norris

Vault maps used:
D:1:      dpeg_arrival_rhombus, serial_glass, glass_columns_c, glass_columns_a
D:3:      led_sif_book
D:4:      minitemple, first_bread, minmay_ruptured, uniq_crazy_yiuf_cottage
D:5:      uniq_prince_ribbit1
D:6:      minmay_temple_entry_junction2, grunt_decor_clamped
D:7:      grunt_dithmenos_smoke_and_mirrors, cheibriados_altar_wand_db,
          serial_undead, serial_undead_c, serial_undead_f, serial_undead_f,
          serial_undead_a, serial_undead_e, uniq_duvessa
D:8:      lemuel_doored_altar
D:9:      hangedman_little_slice_of_home
D:10:     basic_altar
D:11:     erik_lair_island, erik_orc_1, nicolae_qazlal_style_of_elements,
          uniq_erolcha
D:12:     bh_walls_and_bars
D:13:     kennysheep_four_rooms
D:14:     david_vaults_3, serial_shops, shop, kennysheep_little_box,
          kennysheep_mini_moat, shop, kennysheep_mini,
          nemelex_xobeh_ov_fountains_minmay, enter_bailey_2, uniq_azrael,
          uniq_snorg, uniq_urug
Temple:   circular_temple_12
Bailey:   bailey_polearm_2, bailey

Action                   |  1- 3 |  4- 6 |  7- 9 | 10-12 | 13-15 || total
-------------------------+-------+-------+-------+-------+-------++-------
Melee: War axe           |    87 |   136 |   152 |       |       ||   375
       Battleaxe         |       |       |   101 |   407 |    84 ||   592
       Executioner's axe |       |       |       |       |    45 ||    45
Throw: Throwing net      |       |       |     1 |       |       ||     1
Invok: Heroism           |       |       |     1 |     9 |     2 ||    12
  Use: Scroll            |       |     3 |     3 |    11 |     3 ||    20
       Potion            |       |       |     4 |    10 |     8 ||    22
 Stab: Invisible         |       |       |     3 |       |       ||     3
  Eat: Bread ration      |       |     2 |       |       |       ||     2
       Beef jerky        |       |       |     1 |       |     1 ||     2
       Chunk             |       |       |     3 |    12 |     3 ||    18
       Meat ration       |       |       |     1 |     1 |       ||     2
       Pizza             |       |       |       |     2 |       ||     2
